 Dungeon Crawl Stone Soup version 0.31-a0-1074-g0b22e4e0f1 (webtiles) character file.

Game seed: 6083911228818879832

58 Spaninq the Chopper (level 4, -6/41 HPs)
             Began as a Hill Orc Cinder Acolyte on Nov 26, 2023.
             Was a High Priest of Ignis.
             Mangled by a gnoll
             ... wielding a +0 flail
              (7 damage)
             ... on level 2 of the Dungeon.
             The game lasted 00:04:30 (1228 turns).

Spaninq the Chopper (Hill Orc Cinder Acolyte)       Turns: 1228, Time: 00:04:31

Health: -6/41      AC:  5    Str: 18    XL:     4   Next: 1%
Magic:  5/5        EV: 10    Int: 14    God:    Ignis [*****.]
Gold:   74         SH:  5    Dex:  6    Spells: 3/5 levels left

rFire   + . .        f - +2 spear (heavy)
rCold   . . .        (no shield)
rNeg    . . .        h - +0 ring mail
rPois   .            (no helmet)
rElec   .            (no cloak)
rCorr   .            (no gloves)
SInv    .            (no boots)
Will    .....        g - amulet of reflection Stlth
                     (no ring)
HPRegen 0.26/turn    (no ring)
MPRegen 0.09/turn

%: reflection
@: mighty
A: no striking features
a: Renounce Religion, Fiery Armour, Foxfire Swarm, Rising Flame


You were on level 2 of the Dungeon.
You worshipped Ignis.
Ignis was extremely pleased with you.
You visited 1 branch of the dungeon, and saw 2 of its levels.

You collected 74 gold pieces.

Inventory:

Hand Weapons
 a - a -1 hand axe of flaming
 f - a +2 heavy spear (weapon)
 w - the +3 sling of Okeul {drain, rElec}
   (You found it on level 2 of the Dungeon)

   rElec:     It insulates you from electricity.
Missiles
 n - 2 throwing nets
Armour
 h - a +0 ring mail (worn)
Jewellery
 g - an amulet of reflection (around neck)
Scrolls
 c - a scroll of immolation {unknown}
 d - a scroll of revelation {unknown}
 j - 2 scrolls of identify {unknown}
 k - 2 scrolls of noise {unknown}
 m - a scroll of teleportation {unknown}
 o - a scroll of enchant armour {unknown}
Potions
 e - a potion of heal wounds {unknown}
 i - a potion of attraction {unknown}
 l - a potion of curing {unknown}


   Skills:
 + Level 4.4 Fighting
 * Level 5.6 Axes
 + Level 0.3 Armour
 - Level 1.0 Spellcasting
 - Level 3.2 Fire Magic


You had 3 spell levels left.
You knew the following spells:

 Your Spells              Type           Power      Damage    Failure   Level
a - Scorch                Fire           18%        2d5       19%         2

Your spell library contained the following spells:

 Spells                   Type           Power      Damage    Failure   Level
 Ozocubu's Armour         Ice            0%         N/A       80%         3
 Metabolic Englaciation   Hex/Ice        0%         N/A       100%        5
 Simulacrum               Ice/Necr       0%         N/A       100%        6


Dungeon Overview and Level Annotations

Branches:
Dungeon (2/15)

Altars:

Shops:
D:1 ?


Message History

You puncture the gnoll!
The gnoll is severely wounded.
You block the gnoll's attack.
You hit the gnoll.
The gnoll is severely wounded.
The gnoll closely misses you.
You puncture the gnoll!
You kill the gnoll!
The gnoll closely misses you. The gnoll hits you but does no damage.
The gnoll barely misses you.
You have reached level 4!
You block the gnoll's attack. The gnoll completely misses you.
You barely miss the gnoll. The gnoll closely misses you.
The gnoll hits you with a +0 halberd.
You hit the gnoll.
The gnoll is heavily wounded.
The gnoll hits you with a +0 flail. The gnoll hits you with a +0 halberd.
The gnoll hits you with a +0 flail! You block the gnoll's attack.
You completely miss the gnoll.
The gnoll is heavily wounded.
The gnoll barely misses you. The gnoll misses you.
You hit the gnoll.
The gnoll is almost dead.
The gnoll hits you with a +0 flail. The gnoll barely misses you.
The gnoll hits you with a +0 flail!
* * * LOW HITPOINT WARNING * * *
You block the gnoll's attack.
You closely miss the gnoll.
The gnoll is almost dead.
The gnoll hits you with a +0 flail.
* * * LOW HITPOINT WARNING * * *
The gnoll hits you with a +0 halberd!
* * * LOW HITPOINT WARNING * * *
It was a potion of might.
You feel very mighty all of a sudden. The gnoll closely misses you.
The gnoll barely misses you.
You puncture the gnoll!
You kill the gnoll!
The gnoll hits you with a +0 flail!
You die...

..####....###....................
.........#...#..................#
##.......##.##...........#.....##
..^.......#.#.........#....#####
###........#..........######
###.....###........##
##<#...#........##
#....#.#..#)#######
#.#.##.##.#@#.....# #.#.#.
.#.#.g...... #.#..# #...?.......
#.#.#...#.......... #.##
#.#........ ..#........
#..#........ .. #........ ###
##.......


You could see a gnoll.

Vanquished Creatures
  2 gnolls (D:2)
  An adder (D:2)
  4 ball pythons
  2 endoplasms
  A giant cockroach (D:2)
  5 goblins
  7 hobgoblins
  2 jackals (D:1)
  3 kobolds
  A quokka (D:1)
  3 bats
  4 frilled lizards
  2 rats
37 creatures vanquished.

Notes
Turn   | Place    | Note
-------+----------+-------------------------------------------
     0 | D:1      | Spaninq the Hill Orc Cinder Acolyte began the quest for the
                  | Orb.
     0 | D:1      | Reached XP level 1. HP: 19/19 MP: 2/2
   168 | D:1      | Reached XP level 2. HP: 21/27 MP: 3/3
   313 | D:1      | Learned a level 2 spell: Scorch
   367 | D:1      | Found Farph's Magic Scroll Shoppe.
   613 | D:1      | Reached skill level 5 in Axes
   671 | D:1      | Reached XP level 3. HP: 33/33 MP: 4/4
  1156 | D:2      | Identified the +3 sling of Okeul {drain, rElec}
  1221 | D:2      | Reached XP level 4. HP: 34/41 MP: 5/5
  1226 | D:2      | HP: 1/41 [gnoll/+0 halberd (7)]
  1228 | D:2      | Mangled by a gnoll

Illustrated notes

Levels and vault maps discovered:
D:1:      elethiomel_arrival_maze, layout_loops_ring, serial_shops, shop
D:2:      minmay_evil_eye, layout_rooms, minmay_ruptured

Skill      XL: |  1  2 |
---------------+-------+-----
Fighting       | 4 |  4.4
Axes           | 5 |  5.6
Armour         | |  0.3
Spellcasting   | |  1.0
Fire Magic     | |  3.2

Action                     |  1- 3 |  4- 6 || total
---------------------------+-------+-------++-------
  Melee: Hand axe          |    30 |       ||    30
         Spear             |    65 |     6 ||    71
         Punch             |     1 |       ||     1
   Fire: Sling             |     1 |       ||     1
    Use: Potion            |       |     1 ||     1
 Armour: Robe              |    11 |       ||    11
         Ring mail         |    34 |     9 ||    43
  Dodge: Dodged            |    60 |     7 ||    67
  Block: Other             |    13 |     3 ||    16

Table legend: (Time is in decaauts)
 A = Elapsed time spent in this place.
 B = Non-inter-level travel time spent in this place.
 C = Inter-level travel time spent in this place.
 D = Time resting spent in this place.
 E = Time spent auto-exploring this place.
 F = Levels seen in this place.
 G = Mean time per level.
                   A        B        C        D        E       F      G
               +--------+--------+--------+--------+--------+-----+--------+
         Total |   1262 |   1158 |    104 |      0 |    769 |   2 |  631.0 |
       Dungeon |   1262 |   1158 |    104 |      0 |    769 |   2 |  631.0 |
               +--------+--------+--------+--------+--------+-----+--------+

Top non-repeatable levels by time:
     D:1: 977 daAuts
     D:2: 285 daAuts
